 Dungeon Crawl Stone Soup version 0.23.2-11-gf996548c65 (webtiles) character file.

Game seed: 929963845768964486

50875 box the Blocker (level 14, -11/97 HPs)
             Began as an Octopode Assassin on June 5, 2019.
             Was a High Priest of Okawaru.
             Mangled by a basilisk (13 damage)
             ... on level 6 of the Lair of Beasts.
             The game lasted 01:17:11 (26688 turns).

box the Blocker (Octopode Assassin)                Turns: 26688, Time: 01:17:12

Health: -11/97     AC:  3    Str: 11    XL:     14   Next: 57%
Magic:  0/28       EV: 25    Int: 13    God:    Okawaru [*****.]
Gold:   984        SH: 14    Dex: 21    Spells: 13/20 levels left

rFire    . . .     SeeInvis +   a - +3 dagger (drain)
rCold    . . .     Gourm    .   c - +1 shield of Feasting {Str+3 Int-2}
rNeg     + . .     Faith    .   P - +2 hat {SInv}
rPois    +         Spirit   +   E - amulet of Ruwa {Spirit rN+ Str-2 Dex+4}
rElec    .         Reflect  .   q - ring of flight
rCorr    .         Harm     .   r - +3 ring of evasion
MR       +....                  l - ring of poison resistance
Stlth    +++++++...             U - ring of see invisible
HPRegen  0.26/turn              b - ring of magical power
MPRegen  0.21/turn              (no ring)
                                (no ring)
                                (no ring)

@: confusing touch, very slightly contaminated
A: almost no armour, stealthy swim, amphibious, 8 rings, constrict 8, camouflage
1, gelatinous body 1
a: Heroism, Finesse, Renounce Religion, Evoke Flight


You were on level 6 of the Lair of Beasts.
You worshipped Okawaru.
Okawaru was extremely pleased with you.
You were hungry.

You visited 3 branches of the dungeon, and saw 17 of its levels.
You also visited: Sewer and Volcano.

You collected 1250 gold pieces.
You spent 266 gold pieces at shops.

Inventory:

Hand Weapons
 a - a +3 dagger of draining (weapon)
 O - the +2 dagger "Mouro" {freeze, rF- rC++ Int+4}
   (Okawaru gifted it to you on level 1 of the Lair of Beasts)

   It has been specially enchanted to freeze those struck by it, causing extra
   injury to most foes and up to half again as much damage against particularly
   susceptible opponents.
   It can also slow down cold-blooded creatures.
   It affects your intelligence (+4).
   It makes you vulnerable to fire.
   It greatly protects you from cold.
 T - a +4 quick blade
Missiles
 y - 6 steel javelins (quivered)
 C - 6 silver javelins
 N - a throwing net
Armour
 c - the +1 shield of Feasting (worn) {Str+3 Int-2}
   (Okawaru gifted it to you on level 5 of the Lair of Beasts)

   It affects your strength (+3).
   It affects your intelligence (-2).
 i - a +0 large shield
 F - a +1 buckler
 P - a +2 hat of see invisible (worn)
Jewellery
 b - a ring of magical power (on tentacle)
 l - a ring of poison resistance (on tentacle)
 q - a ring of flight (left tentacle)
 r - a +3 ring of evasion (right tentacle)
 E - the amulet of Ruwa (around mantle) {Spirit rN+ Str-2 Dex+4}
   (You took it off a wight on level 7 of the Dungeon)

   [amulet of guardian spirit]

   It causes incoming damage to be split between your health and magic.
   It affects your strength (-2).
   It affects your dexterity (+4).
   It protects you from negative energy.
 U - a ring of see invisible (on tentacle)
Wands
 p - a wand of flame (15)
 A - a wand of digging (5)
 D - a wand of disintegration (52)
 G - a wand of random effects (31)
 K - a wand of iceblast (55)
 Y - a wand of scattershot (3)
Scrolls
 d - a scroll of noise
 g - 5 scrolls of magic mapping
 h - 2 scrolls of enchant armour
 j - 6 scrolls of remove curse
 k - 2 scrolls of amnesia
 u - a scroll of blinking
 x - 2 scrolls of immolation
 R - a scroll of teleportation
 Z - a scroll of fog
Potions
 e - a potion of flight
 m - 2 potions of might
 n - 3 potions of agility
 s - 5 potions of heal wounds
 t - 9 potions of curing
 w - 4 potions of berserk rage
 z - 3 potions of cancellation
 B - 2 potions of magic
 H - 3 potions of brilliance
 J - a potion of resistance {unknown}
 Q - a potion of experience {unknown}
 S - 2 potions of haste {unknown}
 W - a potion of mutation {unknown}
Miscellaneous
 o - a lightning rod (4/4)
 V - a sack of spiders
Comestibles
 f - 30 rations
 v - 5 chunks of flesh


   Skills:
 * Level 9.6 Fighting
 - Level 10.1 Short Blades
 - Level 2.1 Throwing
 + Level 10.1 Dodging
 - Level 13.3 Stealth
 * Level 13.8 Shields
 * Level 3.6 Spellcasting
 * Level 3.7 Hexes
 * Level 2.4 Ice Magic
 - Level 6.2 Invocations
 + Level 0.6 Evocations


You had 13 spell levels left.
You knew the following spells:

 Your Spells              Type           Power        Failure   Level  Hunger
a - Confusing Touch       Hex            ##....       5%          1    #......
b - Ensorcelled Hibernat  Hex/Ice        ##....       11%         2    ##.....
c - Summon Lightning Spi  Summ/Air       #.......     94%         4    #####..

Your spell library contained the following spells:

 Spells                   Type           Power        Failure   Level  Hunger
 Corona                   Hex            ##.....      5%          1    #......
 Slow                     Hex            ##......     9%          2    ##.....
 Confuse                  Hex            ##......     16%         3    ###....
 Tukima's Dance           Hex            ##......     16%         3    ###....
 Animate Skeleton         Necr           N/A          26%         1    #......
 Apportation              Tloc           #.....       26%         1    #......
 Magic Dart               Conj           #...         26%         1    #......
 Summon Small Mammal      Summ           #...         26%         1    #......
 Dazzling Spray           Conj/Hex       #.....       34%         3    ###....
 Summon Guardian Golem    Hex/Summ       #.......     34%         3    ###....
 Blink                    Tloc           N/A          36%         2    ##.....
 Call Imp                 Summ           #.......     36%         2    ##.....
 Call Canine Familiar     Summ           #.......     58%         3    ###....
 Conjure Flame            Conj/Fire      #.......     58%         3    ###....
 Mephitic Cloud           Conj/Pois/Air  #.......     58%         3    ###....
 Summon Ice Beast         Ice/Summ       #.......     83%         4    #####..


Dungeon Overview and Level Annotations

Branches:
Dungeon (10/15)            Temple (1/1) D:4            Lair (6/6) D:10
 Shoals (0/4) Lair:3        Snake (0/4) Lair:2        Slime (0/5) Lair:5
    Orc: D:9-12

Altars:
Ashenzari
Cheibriados
Dithmenos
Elyvilon
Fedhas
Gozag
Hepliaklqana
Kikubaaqudgha
Makhleb
Nemelex Xobeh
Okawaru
Qazlal
Sif Muna
Trog
Uskayaw
Vehumet
Wu Jian
Xom
Yredelemnul
Zin
The Shining One
Jiyva

Shops:
D:10 [

Annotations:
D:2 1 runed translucent door, Crazy Yiuf
D:5 exclusion: 2 downstairs
D:6 Dowan, Duvessa
D:7 exclusion: 2 downstairs
D:9 exclusion: 2 downstairs
Lair:6 2 runed translucent doors


Innate Abilities, Weirdness & Mutations

You cannot wear most types of armour.
You are very stealthy in the water. (Stealth+)
You are amphibious.
You can wear up to eight rings at the same time.
You can use your tentacles to constrict eight enemies at once.
Your skin changes colour to match your surroundings (Stealth+).
Your rubbery body absorbs attacks. (AC +1, EV +1)


Message History

The fire crab closely misses you. The fire crab completely misses you.
You hit the fire crab but do no damage.
The fire crab is heavily wounded.
You constrict the fire crab. You hit the fire crab. You squeeze the fire crab.
The fire crab is severely wounded.
You constrict the fire crab. The komodo dragon barely misses you.
You catch the helpless fire crab completely off-guard!
You skewer the fire crab like a kebab!!!
You kill the fire crab!
Okawaru accepts your kill.
Casting: Confusing Touch (safe; 5% risk of failure)
Confirm with . or Enter, or press ? or * to list all spells.
Your tentacles begin to glow red.
You block the komodo dragon's attack. The basilisk bites you.
* * * LOW HITPOINT WARNING * * *
The komodo dragon bites you!!
* * * LOW HITPOINT WARNING * * *
The basilisk bites you!
You die...

..........## #≈ #≈ # ###....
#........### ≈≈≈#≈ 8#8#.....
##P......<.# #≈#≈ ##........
#.........## #≈§§# 8...l....
##P.......#.# #§§§##.t......
............# #§≈#†.l..l...
#.....P...### ###≈§.#.......
#....PP..#######.##h.#..t....
.##..##..# #8#8.@#..###..§§§#
.....##### ##...ll.§.§≈..§≈##≈
#...## ####......#≈≈§≈..≈§#≈≈
#...# ###.........≈≈.##++##≈≈§ ##
#÷÷.# #.........#≈§.## ...##≈§##.
.#..# ........##≈≈≈.#......#≈§#..
###.######.....§§.≈§#......#≈#...
##..## ##.......#≈#....D.#§≈...
#P...# ##......#≈#$=..$$#≈§...


You could see a komodo dragon and a basilisk.

Vanquished Creatures
  2 entropy weavers (Lair:5)
  A catoblepas (Lair:1)
  2 hydras
  6 two-headed ogres
  An ogre mage (Volcano)
  A queen ant (Lair:5)
  A death yak (D:10)
  A hell knight (Volcano)
  A fire crab (Lair:6)
  A lindwurm (Lair:4)
  An ugly thing (D:10)
  4 elephants (Lair:6)
  Joseph (D:7)
  5 black mambas
  2 torpor snails (Lair:4)
  6 spiny frogs
  3 molten gargoyles (Lair:6)
  A kobold demonologist (D:10)
  3 rime drakes
  12 komodo dragons
  A troll (D:10)
  A merfolk (Lair:3)
  A hornet (D:8)
  15 blink frogs
  Prince Ribbit (Lair:1)
  4 hippogriffs
  12 dream sheep
  Sigmund (D:2)
  6 wyverns
  4 basilisks
  A steam dragon (Lair:6)
  60 yaks
  A hungry ghost (D:9)
  4 nagas (Lair:2)
  8 soldier ants (Lair:5)
  8 water moccasins
  3 hell hounds (Lair:6)
  8 porcupines
  2 ice beasts
  An orc warrior (D:7)
  2 sky beasts
  2 black bears
  10 wolves
  3 centaurs
  3 ogres (D:5)
  A necrophage (D:8)
  24 big kobolds
  14 crocodiles
  8 bullfrogs
  4 scorpions
  3 killer bees (D:10)
  6 howler monkeys
  12 wights
  2 electric eels (Lair:3)
  3 lava snakes (Lair:6)
  5 crimson imps
  A quasit (D:6)
  3 centaur skeletons
  3 jellies
  3 bullfrog zombies
  4 hounds
  5 orc wizards
  2 orc priests (D:4)
  5 iguanas
  20 worker ants
  Jessica (D:2)
  5 hell rats (Lair:1)
  A hound skeleton (D:9)
  2 worker ant zombies (D:9)
  A gnoll (D:3)
  6 adders
  A howler monkey skeleton (D:7)
  5 river rats (Lair:1)
  2 shadow imps
  2 oozes (D:1)
  3 adder zombies
  2 adder skeletons
  3 dart slugs
  6 leopard geckos
  36 orcs
  A ball python (D:1)
  6 giant cockroaches
  7 goblins
  6 hobgoblins
  13 jackals
  7 quokkas
  8 bats
  4 frilled lizards
  A giant cockroach zombie (D:3)
  21 kobolds
  2 quokka skeletons
  2 quokka zombies (D:6)
  15 rats
514 creatures vanquished.

Vanquished Creatures (others)
  A bat (D:2)
  25 fungi
  9 plants
35 creatures vanquished.

Grand Total: 549 creatures vanquished

Notes
Turn   | Place    | Note
-------+----------+-------------------------------------------
     0 | D:1      | box the Octopode Assassin began the quest for the Orb.
     0 | D:1      | Reached XP level 1. HP: 14/14 MP: 1/1
   139 | D:1      | Reached XP level 2. HP: 15/19 MP: 2/2
   542 | D:1      | Reached XP level 3. HP: 15/24 MP: 3/3
   985 | D:2      | Noticed Jessica
  1362 | D:2      | Killed Jessica
  1362 | D:2      | Reached XP level 4. HP: 30/30 MP: 4/4
  1380 | D:2      | Noticed Sigmund
  1400 | D:2      | Killed Sigmund
  1400 | D:2      | Reached XP level 5. HP: 7/36 MP: 5/5
  1400 | D:2      | Reached XP level 6. HP: 9/42 MP: 6/6
  1831 | D:2      | Found a white marble altar of Elyvilon.
  2082 | D:2      | Found a runed translucent door.
  2083 | D:2      | Noticed Crazy Yiuf
  3275 | D:4      | Reached XP level 7. HP: 28/46 MP: 7/7
  3286 | D:4      | Found a staircase to the Ecumenical Temple.
  3331 | Temple   | Entered the Ecumenical Temple
  3538 | D:4      | Found a glowing drain.
  3542 | Sewer    | Entered a sewer
  4073 | D:4      | Found an iron altar of Okawaru.
  4073 | D:4      | Found a glowing golden altar of the Shining One.
  4149 | D:4      | Became a worshipper of Warmaster Okawaru
  4215 | D:5      | Entered Level 5 of the Dungeon
  4257 | D:5      | Reached skill level 5 in Short Blades
  4626 | D:5      | Reached XP level 8. HP: 54/54 MP: 8/8
  4924 | D:5      | Reached * piety under Okawaru
  4924 | D:5      | Reached skill level 10 in Stealth
  5191 | D:6      | Found an ornate altar of the Wu Jian Council.
  5934 | D:6      | Noticed Duvessa
  5934 | D:6      | Noticed Dowan
  6360 | D:6      | Found an iron altar of Okawaru.
  6680 | D:7      | Found a shimmering altar of Xom.
  6702 | D:7      | Identified the amulet of Ruwa {Spirit rN+ Str-2 Dex+4}
  7123 | D:7      | Noticed Joseph
  7125 | D:7      | Killed Joseph
  7125 | D:7      | Reached ** piety under Okawaru
  7125 | D:7      | Reached XP level 9. HP: 59/59 MP: 9/9
  8153 | D:6      | Reached skill level 5 in Fighting
  8964 | D:8      | Reached skill level 1 in Shields
  9060 | D:8      | Noticed a hornet
  9186 | D:8      | Found a stormy altar of Qazlal.
  9438 | D:8      | Reached *** piety under Okawaru
  9645 | D:8      | Killed a hornet
  9645 | D:8      | Reached skill level 1 in Invocations
  9645 | D:8      | Reached XP level 10. HP: 52/65 MP: 7/11
  9800 | D:8      | Found a shadowy altar of Dithmenos.
  9924 | D:9      | Reached skill level 5 in Dodging
  9929 | D:9      | Paralysed by fainting for 12 turns
 10197 | D:9      | Found a blossoming altar of Fedhas.
 10384 | D:9      | Reached **** piety under Okawaru
 10405 | D:9      | Received a gift from Okawaru
 10956 | D:9      | Found a shadowy altar of Dithmenos.
 10958 | D:9      | Found a hazy altar of Hepliaklqana.
 11228 | D:9      | Noticed a three-headed hydra
 11232 | D:9      | Killed a three-headed hydra
 11264 | D:9      | Found a hide-covered altar of Uskayaw.
 11268 | D:9      | Learned a level 1 spell: Confusing Touch
 11314 | D:10     | Entered Level 10 of the Dungeon
 11417 | D:10     | Noticed a red ugly thing
 11427 | D:10     | Reached XP level 11. HP: 51/73 MP: 9/14
 11531 | D:10     | Killed a red ugly thing
 11531 | D:10     | Reached skill level 1 in Hexes
 11539 | D:10     | Reached skill level 1 in Spellcasting
 11633 | D:10     | Reached ***** piety under Okawaru
 11738 | D:10     | Noticed a death yak
 11741 | D:10     | Found a staircase to the Lair.
 11742 | D:10     | Noticed a death yak
 11743 | D:10     | Noticed a death yak
 11743 | D:10     | Noticed a two-headed ogre
 11744 | D:10     | Noticed a death yak
 12047 | D:10     | Found Myegoen's Armour Shoppe.
 12053 | D:10     | Killed a two-headed ogre
 12056 | D:10     | Bought a +0 large shield for 58 gold pieces
 12056 | D:10     | Bought a +2 hat for 208 gold pieces
 12109 | D:10     | Received a gift from Okawaru
 12155 | D:10     | Reached skill level 5 in Shields
 12234 | D:10     | Reached skill level 5 in Invocations
 12601 | D:10     | Received a gift from Okawaru
 13293 | D:10     | Killed a death yak
 13467 | Lair:1   | Entered Level 1 of the Lair of Beasts
 13564 | Lair:1   | Received a gift from Okawaru
 13604 | Lair:1   | Got a translucent dagger {god gift}
 13605 | Lair:1   | Identified the +2 dagger "Mouro" {freeze, rF- rC++ Int+4}
                  | (Okawaru gifted it to you on level 1 of the Lair of Beasts)
 13756 | Lair:1   | Reached XP level 12. HP: 27/80 MP: 5/16
 13874 | Lair:1   | Found a dark tunnel.
 13883 | Volcano  | Entered a volcano
 14051 | Volcano  | Noticed an ogre mage
 14101 | Volcano  | Killed an ogre mage
 14300 | Volcano  | Found a bloodstained altar of Trog.
 14301 | Volcano  | Noticed a two-headed ogre
 14303 | Volcano  | Killed a two-headed ogre
 14308 | Volcano  | Noticed a hell knight
 14308 | Volcano  | Noticed a two-headed ogre
 14309 | Volcano  | Noticed a two-headed ogre
 14316 | Volcano  | Killed a two-headed ogre
 14318 | Volcano  | Killed a two-headed ogre
 14318 | Volcano  | Received a gift from Okawaru
 14404 | Volcano  | Killed a hell knight
 14447 | Volcano  | Noticed a two-headed ogre
 14449 | Volcano  | Killed a two-headed ogre
 14449 | Volcano  | Reached skill level 10 in Short Blades
 14454 | Volcano  | Learned a level 2 spell: Ensorcelled Hibernation
 14455 | Volcano  | Noticed a two-headed ogre
 14456 | Volcano  | Noticed a two-headed ogre
 14752 | Lair:1   | Killed a two-headed ogre
 14811 | Lair:1   | Noticed Prince Ribbit
 14901 | Lair:1   | Killed Prince Ribbit
 15813 | Lair:1   | Noticed a catoblepas
 15877 | Lair:1   | Killed a catoblepas
 16335 | Lair:2   | Reached skill level 10 in Shields
 16376 | Lair:2   | Received a gift from Okawaru
 16376 | Lair:2   | Reached XP level 13. HP: 66/88 MP: 12/17
 17133 | Lair:2   | Found a staircase to the Snake Pit.
 19095 | Lair:3   | Found a staircase to the Shoals.
 20672 | Lair:4   | You fall through a shaft!
 20675 | Lair:5   | Found a staircase to the Slime Pits.
 20676 | Lair:5   | Found a viscous altar of Jiyva.
 21071 | Lair:5   | Received a gift from Okawaru
 21273 | Lair:5   | Noticed an entropy weaver
 21273 | Lair:5   | Noticed an entropy weaver
 22347 | Lair:4   | You fall through a shaft for 2 floors!
 22347 | Lair:6   | Entered Level 6 of the Lair of Beasts
 22646 | Lair:5   | Killed an entropy weaver
 22794 | Lair:5   | Reached XP level 14. HP: 88/96 MP: 18/18
 22951 | Lair:5   | You fall through a shaft!
 23389 | Lair:5   | Identified a scroll of acquirement
 23552 | Lair:5   | Received a gift from Okawaru
 23555 | Lair:5   | Got an ancient shield {god gift}
 23566 | Lair:5   | Identified the +1 shield of Feasting {Str+3 Int-2} (Okawaru
                  | gifted it to you on level 5 of the Lair of Beasts)
 23625 | Lair:5   | Killed an entropy weaver
 24145 | Lair:4   | Reached skill level 1 in Ice Magic
 25280 | Lair:6   | Reached skill level 10 in Dodging
 25286 | Lair:6   | Learned a level 4 spell: Summon Lightning Spire
 26112 | Lair:6   | Found a large runed translucent door.
 26602 | Lair:6   | Found a large runed translucent door.
 26688 | Lair:6   | HP: 2/97 [komodo dragon (24)]
 26688 | Lair:6   | Mangled by a basilisk

Skill      XL: |  1  2  3  4  5  6  7  8  9 10 11 12 13 14 |
---------------+-------------------------------------------+-----
Stealth        | 6 7 8 9 11 12 13 | 13.3
Fighting       | 3 4 5 6 7 8 9 |  9.6
Short Blades   | 3 4 5 6 7 8 9 10 | 10.1
Dodging        | 2 3 4 5 6 8 9 10 | 10.1
Shields        | 1 4 6 10 13 | 13.8
Invocations    | 1 4 6 |  6.2
Hexes          | 2 3 |  3.7
Spellcasting   | 1 3 |  3.6
Ice Magic      | 2 |  2.4
Throwing       | |  2.1
Evocations     | |  0.6

Action                   |  1- 3 |  4- 6 |  7- 9 | 10-12 | 13-15 || total
-------------------------+-------+-------+-------+-------+-------++-------
Melee: Dagger            |    62 |   117 |   331 |   905 |  1141 ||  2556
       Constrict         |    13 |    29 |    59 |    73 |    78 ||   252
       Tentacles         |     3 |    18 |    53 |   255 |   352 ||   681
       Punch             |       |       |       |     9 |    10 ||    19
       Quick blade       |       |       |       |       |    27 ||    27
Throw: Javelin           |       |       |       |    10 |       ||    10
 Cast: Confusing Touch   |       |       |       |       |    31 ||    31
       Ensorcelled Hiber |       |       |       |       |     2 ||     2
Invok: Heroism           |       |       |       |     9 |     6 ||    15
       Finesse           |       |       |       |     2 |     5 ||     7
Evoke: Wand              |       |       |       |       |     1 ||     1
  Use: Scroll            |       |       |     8 |     9 |     5 ||    22
       Potion            |       |       |       |     2 |     5 ||     7
 Stab: Sleeping          |     6 |    13 |    22 |    29 |    21 ||    91
       Distracted        |       |     1 |       |     3 |     3 ||     7
       Confused          |       |       |       |       |    26 ||    26
  Eat: Chunk             |     1 |     6 |    13 |    18 |    30 ||    68
       Ration            |       |       |     2 |     2 |     2 ||     6
Armor: Skin              |     6 |     6 |     5 |    20 |    21 ||    58
Dodge: Dodged            |    36 |    45 |   186 |   275 |   390 ||   932
Block: Buckler           |       |       |     7 |    61 |       ||    68
       Large shield      |       |       |       |   231 |   329 ||   560
       Shield            |       |       |       |       |   205 ||   205
